Celery, chaotic female human Rogue ---------- ------ ######..(.....).# |....|############|........|# |..(.| #0# #-.------.-############### #-.....# # ############ -.-------- #|....|###################################......r..| #|.....# # ##### # |........| #------### # # # # ##..........####### ---------- # # ### ### # # |........| # |........| # ### # # # ### |........| ###|........| # # # ### ### # ---------- #-.......#| ------# ### # # # # # ---------- |.>..|# # #@### ## # ### # |.....#### #---|- -.--.--- # # -----# |....| # #|..<| #.(.....| ####....|# |.....## #|...-######|......| # |...-# ------ #-...| |`..(..| ##-...| |...| -------- ----- ----- Celery the Pilferer Experience level: 11 Strength: 25 Dexterity: 18 Constitution: 15 Intelligence: 9 Wisdom: 11 Charisma: 11 Health: 0(74) Energy: 50(50) AC: -8 Gold: 0 Moves: 14185 Your Inventory: Weapons q - an [uncursed +0] silver saber named Grayswandir [Grayswandir] (alternate weapon; not wielded) z - a blessed +0 dagger of frost (weapon in hand) Armor k - an uncursed +0 cloak of magic resistance (being worn) p - a blessed +1 helmet (being worn) E - an uncursed burnt +0 small shield (being worn) G - an uncursed +0 pair of gauntlets of power (being worn) I - an uncursed +0 elven mithril-coat (being worn) V - a blessed greased fireproof +3 pair of speed boots (being worn) Rings H - an uncursed ring called slow digestion [of slow digestion] (on left hand) M - an uncursed +2 ring of protection (on right hand) Wands Q - an uncursed wand of digging [0:5] Spells known in the end: Name Level Category Fail Memory a - knock 1 matter 100% [||||....] b - detect monsters 1 divination 100% [||||||..] c - remove curse 3 clerical 100% [||||||..] d - sleep 1 enchantment 100% [||||||||] e - light 1 divination 100% [||||||||] f - detect food 2 divination 100% [||||||||] Your skills at the end: Fighting Skills body armor [Basic / Basic] shield [Skilled / Skilled] Weapon Skills dagger [Expert / Expert] short sword [Basic / Expert] broadsword [Basic / Skilled] Spellcasting Skills Final Attributes: You were piously aligned. Hunger level was 909. Your alignment was 80 / 80. Monster difficulty range was 0 - 7. Level difficulty was 4. You resisted poison. You were magic-protected. You were blinded. You were telepathic. You had automatic searching. You were stealthy. You had slower digestion. You were protected. You were very fast. You were lucky (1). You are dead. Vanquished creatures: a mastodon 2 vampires 3 giant mimics a long worm 2 giant zombies a small mimic 2 ettin mummies a giant turtle a freezing sphere 2 flaming spheres a shocking sphere a gargoyle 2 tengu an elf mummy a python a wraith 4 ettin zombies a chameleon 3 giant beetles 3 cockatrices 3 wolves a panther 3 leprechauns a giant spider 2 black lights a vampire bat 3 orc mummies 3 dwarf mummies 2 rust monsters 2 lizards 3 chickatrices 2 dogs 2 dingos a housecat a jaguar 2 dwarf lords 3 gnome mummies 5 human zombies 2 soldier ants a fire ant 3 snow ants a wood nymph 2 water nymphs 2 mountain nymphs 5 Mordor orcs 4 Uruk-hai a rock mole 3 ponies a fog cloud 3 yellow lights a violet fungus 14 gnome lords 3 gnomish wizards 3 kobold mummies 2 red naga hatchlings 3 black naga hatchlings a guardian naga hatchling 11 elf zombies a straw golem 3 baby crocodiles 7 giant ants 2 little dogs 7 floating eyes 24 dwarves a homunculus a kobold lord 2 kobold shamans 9 rothes a rabid rat 2 centipedes 3 giant bats 3 monkeys 3 orc zombies a dwarf zombie a wererat 4 iguanas 2 acid blobs 5 coyotes 3 gas spores 4 hobbits 6 manes 3 large kobolds 3 hobgoblins 2 giant rats 8 cave spiders a brown mold 5 yellow molds 4 green molds 2 red molds 77 gnomes 14 garter snakes 2 gnome zombies 7 geckos 7 jackals 3 foxes a kobold 5 goblins 5 sewer rats 11 grid bugs 5 bats 8 lichens 5 kobold zombies 11 newts 424 creatures vanquished. Voluntary challenges: You used a wielded weapon 482 times. You read items or engraved 33 times. You put on armor 54 times. You never genocided any monsters. You never polymorphed an object. You changed form 1 time. You used 2 wishes. You used 2 wishes for magical items. You did not wish for any artifacts. You never wrote Elbereth's name. You never encountered a bones level. You never used any Sokoban shortcuts. Dungeon overview: The Dungeons of Doom: levels 1 to 6 Level 1 a long staircase Level 2 (Grayswandir for sale 32000) a general store stairs to The Gnomish Mines Level 3 (banded mail of displacement for $) an armor shop Level 4 <- You were here a sink Level 5 many fountains Level 6 a fountain stairs to Sokoban The Gnomish Mines: levels 3 to 11 Level 3 stairs to The Dungeons of Doom Level 5 some shops, a temple to Kos, a magic chest, some fountains Level 11 some fountains Sokoban: levels 3 to 5 Level 5 stairs to The Dungeons of Doom History has recorded: On T:1 you entered the Dungeons of Doom to retrieve the Amulet of Yendor! On T:503 you advanced to experience level 2. On T:605 you reached level 2 of The Dungeons of Doom. On T:699 you advanced to experience level 3. On T:1688 you advanced to experience level 4. On T:2280 you reached level 3 of The Dungeons of Doom. On T:2397 you advanced to experience level 5. On T:2992 you reached level 4 of The Dungeons of Doom. On T:3233 you advanced to experience level 6. On T:3793 you reached level 5 of The Dungeons of Doom. On T:4214 you advanced to experience level 7. On T:4414 you reached level 6 of The Dungeons of Doom. On T:4887 you advanced to experience level 8. On T:5013 you reached level 3 of Sokoban. On T:5641 you reached level 2 of Sokoban. On T:6064 you reached level 1 of Sokoban. On T:7722 you wished for "blessed fixed bag of holding". On T:7814 you wished for "blessed greased fixed +3 speed boots". On T:8015 you reached level 1 of The Gnomish Mines. On T:8017 you advanced to experience level 9. On T:8228 you reached level 2 of The Gnomish Mines. On T:8429 you reached level 3 of The Gnomish Mines. On T:8957 you received Stormbringer from Kos. On T:9667 you reached level 4 of The Gnomish Mines. On T:10117 you reached level 5 of The Gnomish Mines. On T:10710 you reached level 6 of The Gnomish Mines. On T:11179 you advanced to experience level 10. On T:11776 you reached level 7 of The Gnomish Mines. On T:12132 you reached level 8 of The Gnomish Mines. On T:12179 you reached level 9 of The Gnomish Mines. On T:12830 you advanced to experience level 11. Latest messages: You hear a chugging sound. You miss Pakka Pakka. You hear a nearby zap. Boing! You miss Pakka Pakka. You hear a nearby zap. Boing! You hit Pakka Pakka. The dagger of frost freezes you! [HP-6=68] You miss Pakka Pakka. The dagger of frost freezes you! (2x) [HP-25=43] You hit Pakka Pakka. The dagger of frost freezes you! (2x) [HP-30=13] [HP+1=14] It misses. [HP+2=16] z - a blessed +0 dagger of frost. z - a blessed +0 dagger of frost (weapon in hand). Pakka Pakka hits! (2x) You die... Final status: Goodbye Celery the Rogue... You died in The Dungeons of Doom on dungeon level 4 with 19214 points, and 0 pieces of gold, after 14185 moves. You were level 11 with a maximum of 74 hit points when you died.